 Dungeon Crawl Stone Soup version 0.27-a0-1149-g4505690ab0 (webtiles) character file.

Game seed: 4244045759329173888

2258 bilbop the Magician (level 9, -3/63 HPs)
             Began as a Djinni Air Elementalist on May 12, 2021.
             Was an Initiate of Yredelemnul.
             Slain by a troll (10 damage)
             ... on level 10 of the Dungeon.
             The game lasted 00:40:39 (9771 turns).

bilbop the Magician (Djinni Air Elementalist)       Turns: 9771, Time: 00:40:39

Health: -3/63      AC:  4    Str:  7    XL:     9   Next: 64%
Gold:   553        EV: 11    Int: 25    God:    Yredelemnul [......] SH:  0 Dex: 15

rFire    + + .     SeeInvis .   b - +0 dagger
rCold    x . .     Faith    .   (no shield)
rNeg     . . .     Spirit   .   D - +0 leather armour
rPois    ∞         Reflect  .   (no helmet)
rElec    .         Harm     .   (no cloak)
rCorr    .         Rampage  .   E - +0 pair of gloves
Will     .....                  (boots unavailable)
Stlth    +++.......             (no amulet)
HPRegen  0.20/turn              h - +6 ring of intelligence
MPRegen  0.00/turn              (no ring)

@: flying, slowed, very slow
A: sickness immunity, fire resistance 2, cold vulnerability 1, float, innate
caster, hp casting, extra vitality 1
a: Renounce Religion


You were on level 10 of the Dungeon.
You worshipped Yredelemnul.
Yredelemnul was noncommittal.
You visited 2 branches of the dungeon, and saw 9 of its levels.

You collected 553 gold pieces.

Inventory:

Hand Weapons
 b - a +0 dagger (weapon)
 s - a +0 falchion
Missiles
 d - 3 curare-tipped darts
 m - 4 boomerangs of dispersal
Armour
 D - a +0 leather armour (worn)
 E - a +0 pair of gloves (worn)
Jewellery
 h - a +6 ring of intelligence (left hand)
Wands
 p - a wand of iceblast (14)
 w - a wand of flame (13)
 y - a wand of polymorph (7)
 z - a wand of digging (5)
Scrolls
 e - a scroll of blinking
 f - 2 scrolls of magic mapping
 g - a scroll of noise {unknown}
 l - a scroll of immolation {unknown}
 r - 2 scrolls of enchant weapon
 x - a scroll of summoning {unknown}
 A - 2 scrolls of teleportation
 C - a scroll of fog {unknown}
Potions
 i - a potion of curing {unknown}
 n - a potion of degeneration {unknown}
 o - a potion of might {unknown}
 q - a potion of magic {unknown}
 t - 2 potions of lignification {unknown}
 u - 2 potions of ambrosia {unknown}
 v - a potion of haste {unknown}
 B - 2 potions of brilliance {unknown}


   Skills:
 + Level 4.7 Fighting
 + Level 4.3 Long Blades
 - Level 2.1 Dodging
 + Level 4.7 Stealth
 * Level 6.1 Spellcasting
 + Level 4.3 Invocations


You couldn't memorise any spells.
You knew the following spells:

 Your Spells              Type           Power      Damage    Failure   Level
a - Shock                 Conj/Air       100%       1d9       1%          1
b - Static Discharge      Conj/Air       38%        N/A       1%          2
c - Swiftness             Air            38%        N/A       2%          3
d - Airstrike             Air            19%        N/A       9%          4
e - Lightning Bolt        Conj/Air       19%        1d33      26%         5
f - Sting                 Tmut/Pois      100%       1d8       1%          1
g - Searing Ray           Conj           76%        3d6       1%          2
h - Corpse Rot            Necr/Air       N/A        N/A       1%          2
i - Teleport Other        Tloc           38%        N/A       2%          3
Your spell library was empty.

Dungeon Overview and Level Annotations

Branches:
Dungeon (10/15)            Temple (1/1) D:6            Lair (0/6) D:10
    Orc: D:9-12

Altars:
Ashenzari
Cheibriados
Dithmenos
Elyvilon
Fedhas
Gozag
Hepliaklqana
Kikubaaqudgha
Makhleb
Nemelex Xobeh
Okawaru
Qazlal
Ru
Sif Muna
Trog
Uskayaw
Vehumet
Wu Jian
Xom
Yredelemnul
Zin
The Shining One

Annotations:
D:5 1 runed translucent door, Crazy Yiuf


Innate Abilities, Weirdness & Mutations

You are immune to sickness and miasma.
You are immune to poison.
Your flesh is very heat resistant. (rF++)
You are vulnerable to cold. (rC-)
You float through the air rather than walking.
You learn spells naturally, not from books.
Your magical power is your life essence.
You have superior vitality. (+4 HP)


Message History

The searing ray hits the troll!
The troll is moderately wounded.
You finish channeling your searing ray.
The wraith hits you! The wraith drains your vigour!
You feel as though you will be slow longer.
The wraith closely misses you.
Casting: Searing Ray (safe; 1% risk of failure)
Confirm with . or Enter, or press ? or * to list all spells.
Aiming: Searing Ray (safe; 1% risk of failure)
Press: ? - help, Shift-Dir - straight line The searing ray misses the wraith.
The searing ray hits the centaur!
The centaur is severely wounded. (Press . to maintain the ray.)
The wraith barely misses you.
The searing ray hits the wraith.
The wraith is almost destroyed.
The searing ray hits the centaur!
You kill the centaur!
Yredelemnul accepts your kill.
The searing ray hits the orc warrior.
The orc warrior is severely wounded.
The wraith barely misses you. The wraith hits you!
* * * LOW HITPOINT WARNING * * *
The wraith drains your vigour!
You feel as though you will be slow longer.
The searing ray hits the wraith.
You destroy the wraith!
Yredelemnul accepts your kill.
The searing ray hits the orc warrior!
You kill the orc warrior!
Yredelemnul accepts your kill.
* * * LOW HITPOINT WARNING * * *
Your Spellcasting skill increases to level 6!
The troll bites you but does no damage. The troll closely misses you.
The troll claws you!
* * * LOW HITPOINT WARNING * * *
The troll barely misses you. The troll claws you but does no damage.
The troll claws you!
You die...
Your body rises from the dead as a mindless zombie.

#...#..≈≈≈≈ #........##
#..≈≈≈ #.......... #.)≈.
#.......... #.).##
#.......... #.#.#
#...####### #...# #...#
..... ###.# #...#...... #T#
#...#...... .#
#@######...'......
...########..........#######
...........................
###.................######
#.................# #
#.................# #
#.................# #
#..)..............# #
#..#########......# #


You could see a troll.

Vanquished Creatures
  A wraith (D:10)
  A sky beast (D:6)
  2 black bears
  An orc warrior (D:10)
  An ogre (D:5)
  2 centaurs
  A bullfrog (D:6)
  7 scorpions
  2 water moccasin zombies
  A wyvern skeleton (D:5)
  A water moccasin skeleton (D:5)
  A centaur zombie (D:10)
  2 hounds (D:5)
  2 jellies
  2 orc priests
  A centaur skeleton (D:7)
  2 gnoll shamans
  A scorpion zombie (D:5)
  4 iguanas
  3 orc wizards
  2 hound zombies (D:5)
  2 howler monkey zombies
  6 adders
  8 gnolls
  A shadow imp (D:7)
  A white imp (D:6)
  An adder skeleton (D:4)
  3 worms
  A dart slug (D:1)
  16 orcs
  9 ball pythons
  A bat (D:1)
  4 endoplasms
  A giant cockroach (D:2)
  4 goblins
  8 hobgoblins
  5 jackals
  4 quokkas
  4 frilled lizards
  10 kobolds
  7 rats
136 creatures vanquished.

Notes
Turn   | Place    | Note
-------+----------+-------------------------------------------
     0 | D:1      | bilbop the Djinni Air Elementalist began the quest for the
                  | Orb.
     0 | D:1      | Reached XP level 1. HP: 15/15 MP: 0/0
   157 | D:1      | Reached XP level 2. HP: 9/22 MP: 0/0
   707 | D:1      | Reached XP level 3. HP: 25/26 MP: 0/0
   707 | D:1      | Learned a level 1 spell: Sting
   973 | D:1      | Reached skill level 1 in Fighting
  1137 | D:1      | Reached skill level 1 in Long Blades
  1663 | D:2      | Reached XP level 4. HP: 23/32 MP: 0/0
  1905 | D:2      | Reached skill level 3 in Spellcasting
  2451 | D:3      | Found a snail-covered altar of Cheibriados.
  3153 | D:4      | Reached XP level 5. HP: 22/38 MP: 0/0
  3153 | D:4      | Learned a level 2 spell: Searing Ray
  3336 | D:4      | Noticed a black bear
  3394 | D:4      | Found a bloodstained altar of Trog.
  3551 | D:4      | Reached XP level 6. HP: 38/43 MP: 0/0
  3604 | D:4      | Identified the +10 flail "Yluekis" {vorpal, Str+2}
  3889 | D:4      | Reached skill level 1 in Invocations
  4244 | D:4      | Killed a black bear
  4245 | D:4      | Reached skill level 4 in Spellcasting
  4245 | D:4      | Reached XP level 7. HP: 43/49 MP: 0/0
  4245 | D:4      | Learned a level 2 spell: Corpse Rot
  4591 | D:3      | Found a snail-covered altar of Cheibriados.
  5319 | D:3      | Found a snail-covered altar of Cheibriados.
  5840 | D:5      | Entered Level 5 of the Dungeon
  5857 | D:5      | Found a shadowy altar of Dithmenos.
  5871 | D:5      | Found a sparkling altar of Nemelex Xobeh.
  5872 | D:5      | Found a basalt altar of Yredelemnul.
  5875 | D:5      | Found a stormy altar of Qazlal.
  5906 | D:5      | Found a runed translucent door.
  5907 | D:5      | Noticed Crazy Yiuf
  6302 | D:5      | Reached XP level 8. HP: 48/56 MP: 0/0
  6605 | D:5      | Found a hide-covered altar of Uskayaw.
  7112 | D:6      | Reached skill level 5 in Spellcasting
  7679 | D:6      | Found a staircase to the Ecumenical Temple.
  7685 | Temple   | Entered the Ecumenical Temple
  7813 | D:5      | Became a worshipper of Yredelemnul the Dark
  7874 | D:6      | Reached XP level 9. HP: 8/62 MP: 0/0
  7874 | D:6      | Learned a level 3 spell: Teleport Other
  8645 | D:7      | Found a sacrificial altar of Ru.
  9233 | D:7      | Found an opulent altar of Gozag.
  9233 | D:7      | Found a glowing silver altar of Zin.
  9308 | D:7      | You are sucked into a shaft and drop 3 floors!
  9308 | D:10     | Entered Level 10 of the Dungeon
  9308 | D:10     | Found a staircase to the Lair.
  9762 | D:10     | Noticed a troll
  9769 | D:10     | Reached skill level 6 in Spellcasting
  9771 | D:10     | Slain by a troll

Illustrated notes

Levels and vault maps discovered:
D:1:      lightli_arrival_windingriver, layout_rooms
D:2:      layout_basic
D:3:      layout_loops_ring, slow_altar_1, serial_bayou_ford_a
D:4:      black_bear_nest_1, layout_loops_ring, pf_just_have_faith
D:5:      layout_rooms, amcnicky_altar_gilded, minitemple,
          minmay_misc_feat_five, minmay_fractal_squares_gapless_5,
          uniq_crazy_yiuf_cottage
D:6:      layout_cave_pools, temple_green, serial_park, serial_park_gazebo
          [serial_park_minivault_5x5_1], serial_park_tiny_2,
          kennysheep_generic_room_9
D:7:      layout_loops_ring, grunt_temple_overflow_gold_and_silver,
          nicolae_ru_sacrificial_ziggurat, eino_tiny_chamber
D:10:     layout_irregular_city, lair_entry_dummy, amcnicky_mini_pool_medium
Temple:   eino_temple_lava

Skill      XL: |  1  2  3  4  5  6  7  8  9 |
---------------+----------------------------+-----
Fighting       | 1 2 3 4 |  4.7
Stealth        | 2 3 4 |  4.7
Long Blades    | 1 2 3 4 |  4.3
Spellcasting   | 3 4 5 6 |  6.1
Invocations    | 1 2 3 4 |  4.3
Dodging        | |  2.1

Action                   |  1- 3 |  4- 6 |  7- 9 || total
-------------------------+-------+-------+-------++-------
Melee: Dagger            |     1 |     1 |     5 ||     7
 Cast: Shock             |    62 |    87 |    68 ||   217
       Static Discharge  |     5 |     2 |     6 ||    13
       Searing Ray       |       |     6 |    37 ||    43
       Sting             |       |     1 |       ||     1
       Airstrike         |       |       |     6 ||     6
  Use: Scroll            |       |       |     6 ||     6
 Stab: Sleeping          |     1 |     1 |     2 ||     4
Armor: Robe              |       |       |     2 ||     2
       Leather armour    |       |       |     5 ||     5
Dodge: Dodged            |    19 |     7 |    38 ||    64

Table legend: (Time is in decaauts)
 A = Elapsed time spent in this place.
 B = Non-inter-level travel time spent in this place.
 C = Inter-level travel time spent in this place.
 D = Time resting spent in this place.
 E = Time spent auto-exploring this place.
 F = Levels seen in this place.
 G = Mean time per level.
                   A        B        C        D        E       F      G
               +--------+--------+--------+--------+--------+-----+--------+
         Total |   9776 |   8906 |    870 |   2694 |   5416 |   9 | 1086.2 |
       Dungeon |   9708 |   8844 |    864 |   2694 |   5355 |   8 | 1213.5 |
        Temple |     67 |     61 |      6 |      0 |     61 |   1 |   67.0 |
               +--------+--------+--------+--------+--------+-----+--------+

Top non-repeatable levels by time:
     D:3: 2100 daAuts
     D:4: 1389 daAuts
     D:1: 1376 daAuts
     D:5: 1302 daAuts
     D:6: 1181 daAuts
     D:2: 974 daAuts
     D:7: 916 daAuts
    D:10: 468 daAuts
  Temple: 67 daAuts
